[Event "Bangladesh SAIF Powertec-ch 2024"]
[Site "Dhaka"]
[Date "2024.07.04"]
[Round "11.1"]
[White "Manon, Reja Neer"]
[Black "Islam, Khandaker Aminul"]
[Result "1-0"]
[ECO "C54"]
[WhiteElo "2445"]
[BlackElo "2115"]
[Annotator "TA"]
[PlyCount "51"]
[EventDate "2024.06.23"]
[EventType "tourn"]
[EventCountry "BAN"]
[SourceTitle "playchess.com"]
[Source "ChessBase"]
[SourceQuality "1"]
[TimeControl "40/5400+30:1800+30"]

1. e4 e5 2. Nf3 Nc6 3. Bc4 Bc5 4. d3 Nf6 5. c3 a6 6. O-O Ba7 7. Re1 d6 8. a4 h6 9. Be3 {[%emt 0:04:13] The position is equal.} Bxe3 10. Rxe3 O-O 11. Nbd2 Be6 12. Bxe6 fxe6 13. d4 Qe8 14. h3 Nd7 15. Qb3 Rb8 16. Rd1 Rf4 17. Nf1 Qf7 18. Ng3 exd4 19. cxd4 e5 {[%emt 0:00:49] [#]} ({Black should try} 19... d5 $14) 20. Qxf7+ (20. d5 $1 $18 ) 20... Rxf7 $11 21. d5 Nb4 22. Rc3 $1 Nc5 {[%emt 0:13:06] [#]} (22... Nf6 $14) 23. Nxe5 $1 $16 Re7 24. Ng6 Rd7 (24... Ree8 $16 25. f3 Kh7) 25. e5 $18 {[%emt 0:04:35][%cal Be4e5,Be5e6][%mdl 32] Rd4 is the strong threat.} Nxa4 (25... Kh7 $142) 26. e6 {[%emt 0:00:45] Weighted Error Value: White=0.18 (very precise) /Black=0.23 (precise) .  Mistake:       	White=1     	Black=4      Inaccurate:     	---       	Black=1      OK:         	White=7     	Black=4      Strong:       	White=1     	---        Brilliant:      	White=1     	---} 1-0

[Event "Bangladesh SAIF Powertec-ch 2024"]
[Site "Dhaka"]
[Date "2024.07.04"]
[Round "11.2"]
[White "Murshed, Niaz"]
[Black "Chatterjee, Debaraj"]
[Result "1-0"]
[ECO "E70"]
[WhiteElo "2317"]
[BlackElo "2132"]
[Annotator "TA"]
[PlyCount "59"]
[EventDate "2024.06.23"]
[EventType "tourn"]
[EventCountry "BAN"]
[SourceTitle "playchess.com"]
[Source "ChessBase"]
[SourceQuality "1"]
[TimeControl "40/5400+30:1800+30"]

1. d4 Nf6 2. c4 g6 3. Nc3 Bg7 4. e4 d6 5. Bd3 O-O 6. Nge2 Nc6 7. O-O e5 8. d5 Nd4 9. Nb5 Nxe2+ 10. Qxe2 a6 11. Nc3 {[%emt 0:00:12] The position is equal.} Nd7 12. Be3 f5 13. exf5 gxf5 14. f3 Nc5 15. Bc2 a5 16. Qd2 Bd7 17. Rae1 b6 18. b3 Qf6 19. Bg5 Qf7 {[%emt 0:05:55] [#]} 20. g4 $1 Rae8 (20... Kh8 21. Nb5) 21. Ne2 e4 22. Ng3 $1 e3 (22... Qg6 $14) 23. Rxe3 $16 ({Much weaker is} 23. Bxe3 $6 Rxe3 (23... f4 24. Bxc5 Rxe1 25. Qxe1 $11) 24. Rxe3 (24. Qxe3 f4 $11) 24... f4 $11 (24... fxg4 $2 25. fxg4 Be5 26. Rxf7 $18)) 23... Rxe3 24. Bxe3 (24. Qxe3 $2 {perishes.} f4 (24... fxg4 $2 {is the wrong capture.} 25. fxg4 Qe8 26. Rxf8+ Qxf8 27. Bf5 $18) 25. Bxf4 Qxf4 26. Qxf4 Rxf4 $19) 24... f4 25. Bxc5 fxg3 26. Be3 Bxg4 {[%emt 0:01:14] White must now prevent ...Bh3.} 27. hxg3 $40 {[%emt 0:00:09][%mdl 128] White goes for the king.} Bxf3 $2 {[%emt 0:02:41][%mdl 8192] [#]} (27... Bh5 $16 {might work better.} 28. Bf4 Re8) 28. Bd1 $1 $18 Qh5 {[%emt 0:00:49] [#] ( -> ...Qh1+)} 29. Rxf3 $1 Rxf3 30. Qg2 {[%emt 0:01:20] Weighted Error Value: White=0.08 (flawless) /Black=0.40.  Loses game:     	---       	Black=1      Mistake:       	---       	Black=1      Inaccurate:     	White=3     	Black=3      OK:         	White=7     	Black=5      Best:        	White=3     	---        Strong:       	White=3     	---} 1-0

[Event "Bangladesh SAIF Powertec-ch 2024"]
[Site "Dhaka"]
[Date "2024.07.04"]
[Round "11.3"]
[White "Amit Bikram, Roy"]
[Black "Zia, Tahsin Tajwar"]
[Result "0-1"]
[ECO "A58"]
[WhiteElo "1989"]
[BlackElo "2241"]
[Annotator "TA"]
[PlyCount "102"]
[EventDate "2024.06.23"]
[EventType "tourn"]
[EventCountry "BAN"]
[SourceTitle "playchess.com"]
[Source "ChessBase"]
[SourceQuality "1"]
[TimeControl "40/5400+30:1800+30"]

1. d4 Nf6 2. c4 c5 3. d5 b5 4. cxb5 a6 5. bxa6 Bxa6 6. Nf3 g6 7. g3 Bg7 8. Bg2 d6 9. O-O O-O 10. Nc3 Nbd7 11. Rb1 Qa5 12. Bd2 Rfb8 13. Qc2 Qc7 14. b3 {[%emt 0:01:57] Against Bc4} Nb6 15. Ng5 h6 {[%emt 0:11:13] White is slightly better.} 16. Nh3 Bb7 17. e4 Ba6 18. Rfe1 Ng4 $1 19. f4 (19. Bf1 $14) 19... Bd4+ ({Better is} 19... c4 $11) 20. Kh1 $14 Qd7 21. Ne2 (21. a4 $14) 21... Bf2 $1 $15 22. Nxf2 Nxf2+ 23. Kg1 Bd3 24. Qc3 Bxb1 (24... Nxe4 $2 {too greedy.} 25. Qxd3 Nxd2 26. Qxd2 $18) 25. Rxb1 Ng4 (25... Nh3+ $15 26. Bxh3 Qxh3) 26. a4 $2 {[%emt 0:03:23] Loses the game.} (26. h3 $11 {and White is okay.}) 26... Nxa4 $1 $19 27. Qf3 (27. Qc4 {is the only way for White.}) 27... c4 28. h3 (28. b4 $142 Qa7+ 29. Kh1 Nf2+ 30. Kg1 Nd1+ (30... Nxe4+ 31. Be3 $17) 31. Kh1) 28... Qa7+ 29. Kh1 Nf2+ 30. Kh2 Nd3 {[%emt 0:00:11] aiming for ...Nac5.} 31. Be3 (31. b4 $142) 31... Nac5 32. Nd4 Qa2 (32... cxb3 $2 33. Nc6 Qc7 34. e5 $19) 33. Rf1 Rxb3 (33... cxb3 $2 34. Nc6 b2 35. f5 $19) 34. Nc6 Rb1 35. f5 Rxf1 36. Qxf1 Qa1 {[%emt 0:02:45] [#] Threatens to win with ...Qxf1.} (36... Nxe4 37. Nxe7+ Kf8 (37... Kg7 $2 38. Bd4+ Ne5 39. fxg6 $17) 38. fxg6 $11) 37. Qf3 (37. e5 $142) 37... Ne5 38. Nxe5 Qxe5 39. fxg6 fxg6 40. Bxh6 Nd3 {[%emt 0:02:46] [#] And now ...Ne1 would win.} 41. h4 Ne1 42. Qe2 Nxg2 43. Kxg2 {[%emt 0:00:00][%mdl 4096] Endgame. KQR-KQB} Qa1 {[%emt 0:00:00] ...Ra2 would now be deadly.} 44. Qxc4 Ra2+ 45. Kh3 Qh1+ 46. Kg4 Qd1+ 47. Kh3 Ra4 48. Qc8+ Kh7 {[%emt 0:00:00] ( -> ...Qf1+)} 49. Bf4 Qf1+ {[%emt 0:00:00] Black mates.} 50. Kg4 Qe2+ 51. Kh3 Ra1 {[%emt 0:00:00] Weighted Error Value: White=1.02/Black=0.33.  Loses game:     	White=1     	---        Mistake:       	White=6     	Black=2      Inaccurate:     	White=2     	Black=2      OK:         	White=6     	Black=9      Best:        	White=2     	Black=5      Strong:       	---       	Black=3} 0-1

[Event "Bangladesh SAIF Powertec-ch 2024"]
[Site "Dhaka"]
[Date "2024.07.04"]
[Round "11.4"]
[White "Abu Sufian, Shakil"]
[Black "Rahman, Ziaur"]
[Result "0-1"]
[ECO "B55"]
[WhiteElo "2202"]
[BlackElo "2423"]
[Annotator "TA"]
[PlyCount "52"]
[EventDate "2024.06.23"]
[EventType "tourn"]
[EventCountry "BAN"]
[SourceTitle "playchess.com"]
[Source "ChessBase"]
[SourceQuality "1"]
[TimeControl "40/5400+30:1800+30"]

1. e4 c5 2. Nf3 d6 3. d4 cxd4 4. Nxd4 Nf6 5. f3 e5 6. Nb3 d5 7. Bg5 $1 d4 8. c3 Nc6 9. Bb5 {[%emt 0:09:42] The position is equal.} Qb6 10. Bxc6+ bxc6 11. cxd4 a5 {[%emt 0:04:59] aiming for ...a4.} 12. dxe5 Nd7 {[%emt 0:05:26][%cal Oa5a4] [#] And now ...a4! would win.} (12... a4 $5 13. exf6 axb3 $16) 13. e6 $1 fxe6 {[%emt 0:04:01] ...a4 would now be deadly.} (13... Ne5 14. Qd4) 14. Nc3 a4 15. Nd4 Ba6 {[%emt 0:15:03] Threatens to win with ...Nc5.} 16. Qxa4 {[%emt 0:07:58][%cal Oa4b3] Black must now prevent Qb3!} Qxb2 17. Qxc6 Bb4 $36 {[%emt 0:05:30][%mdl 2048] Black has good play. Dancing on a razor blade.} 18. Rc1 $2 {[%emt 0:05:28] [#]} (18. Qxa8+ $2 Kf7 19. Qxa6 Bxc3+ 20. Kd1 Qxa1+ 21. Bc1 Bxd4 $19) (18. Qxe6+ $11 {and White stays safe.} Kf8 19. Rc1 (19. Qf5+ $2 Nf6 $19) 19... Bxc3+ 20. Kd1) 18... O-O $1 $19 19. Rc2 Qb1+ 20. Kf2 $2 (20. Rc1 {was the only defense.} Qd3 (20... Qxa2 21. Bd2 $16) 21. a3 Qxd4 (21... Bxa3 22. Rd1 $16) 22. Qxe6+ Kh8 23. axb4) 20... Qxh1 21. Qxd7 (21. Rc1 $142 Qxh2 22. Qxd7) 21... Qf1+ {[%emt 0:01:32] Black is clearly winning.} ({Weaker is} 21... Qxh2 22. Nxe6 Rf7 23. Qd4 $15) 22. Kg3 Bxc3 {[%emt 0:01:43] A strong pair of Bishops.} (22... Qe1+ 23. Kh3 Bxc3 24. Nxe6 $19) 23. Rc1 Qd3 24. Qxe6+ Kh8 25. Nf5 Bc8 26. Qc6 Be5+ {[%emt 0:00:18] Weighted Error Value: White=0.66/Black=0.12 (very precise) .  Loses game:     	White=1     	---        Mistake:       	White=2     	---        Inaccurate:     	White=1     	Black=1      OK:         	White=4     	Black=6      Best:        	White=3     	Black=2      Strong:       	---       	Black=1} ({Less strong is} 26... Rxa2 27. Qxc3 Qxc3 28. Rxc3 $15) 0-1

[Event "Bangladesh SAIF Powertec-ch 2024"]
[Site "Dhaka"]
[Date "2024.07.04"]
[Round "11.5"]
[White "Hossain, Enamul"]
[Black "Mohammad Fahad, Rahman"]
[Result "1-0"]
[ECO "C56"]
[WhiteElo "2365"]
[BlackElo "2437"]
[Annotator "TA"]
[PlyCount "89"]
[EventDate "2024.06.23"]
[EventType "tourn"]
[EventCountry "BAN"]
[SourceTitle "playchess.com"]
[Source "ChessBase"]
[SourceQuality "1"]
[TimeControl "40/5400+30:1800+30"]

1. e4 e5 2. Nf3 Nc6 3. Bc4 Nf6 4. d4 exd4 5. e5 Ne4 6. Qe2 Nc5 $1 7. c3 {[%emt 0:01:31][%mdl 1024] White has compensation.} d3 8. Qe3 Ne6 9. O-O {[%emt 0:08:43] White has an edge.} d6 (9... d5 $5 10. Bxd3 a5 $11) 10. Re1 Nxe5 11. Nxe5 dxe5 12. Qxe5 Qd6 13. Bf4 Qxe5 14. Bxe5 c6 15. Nd2 Be7 16. f4 (16. Bxd3 $14 O-O 17. Bf1) 16... O-O (16... f6 $5 17. Bxf6 Bxf6 $11) 17. f5 b5 (17... Nc5 $11) 18. Bxd3 $16 Nc5 19. Bc2 Rd8 20. Nf3 Bf8 {[%emt 0:02:15] [#]} 21. Rad1 {[%emt 0:03:27] Repels Nd3} (21. b4 $1 $16 Na4 (21... Nd3 22. Red1 $16) 22. f6) 21... Bb7 $14 {[%emt 0:01:43] Black is weak on the dark squares} 22. Bc7 Re8 23. Ba5 Rxe1+ 24. Rxe1 Na4 25. Bb3 Nxb2 (25... Bc5+ 26. Kh1 $14) 26. Ne5 {[%emt 0:00:25][%cal Oe1b1] Inhibits Nd3. Threatens to win with Rb1!} Nc4 27. Nxc4 bxc4 28. Bxc4 c5 29. g4 Bc6 30. Bc7 Rc8 31. Bf4 h6 32. Kf2 {[%emt 0:01:24][%cal Oa2a4] White has more active pieces.} Rd8 33. h4 Re8 34. Rxe8 Bxe8 $16 {[%emt 0:00:01][%mdl 4096] Endgame. KBB-KBB} 35. Ba6 Be7 36. h5 Bf6 37. c4 {[%emt 0:00:22][%cal Bc3c4,Bc4b5][%mdl 32] Black must now prevent Bb5.} Bd8 $2 {[%emt 0:01:30][%mdl 8192] This costs Black the game.} (37... Ba4 $16) 38. Bd6 (38. Bb5 $142 Kf8 (38... Bh4+ $2 39. Kf3 $18) 39. Ke3) 38... Bb6 $2 {[%emt 0:00:06] [#]} (38... Bd7 39. Bb5 (39. Bxc5 Bb6 $18) 39... Bc8 (39... Bh4+ $2 40. Kf3 $18) 40. Bxc5 g6 41. Bxa7 (41. hxg6 fxg6 42. fxg6 a6 $18) 41... Kg7) 39. Bb5 $1 $18 {[%emt 0:02:49] White is clearly winning.} Bxb5 40. cxb5 {[%emt 0:00:01] KB-KB} c4+ 41. Ke2 g6 42. fxg6 fxg6 43. Bf4 gxh5 44. gxh5 (44. Bxh6 $2 {loses.} hxg4 45. Bd2 Kf7 $19) 44... Kg7 45. a4 {[%emt 0:00:00] Weighted Error Value: White=0.24 (precise) /Black=0.35.  Loses game:     	---       	Black=1      Mistake:       	White=3     	Black=2      Inaccurate:     	White=3     	Black=3      OK:         	White=10    	Black=10     Best:        	White=4     	---        Strong:       	White=1     	---} 1-0

[Event "Bangladesh SAIF Powertec-ch 2024"]
[Site "Dhaka"]
[Date "2024.07.04"]
[Round "11.6"]
[White "Nayem, Haque"]
[Black "Anata, Choudhury"]
[Result "1/2-1/2"]
[ECO "B90"]
[WhiteElo "2187"]
[BlackElo "2155"]
[Annotator "RC"]
[PlyCount "97"]
[EventDate "2024.06.23"]
[EventType "tourn"]
[EventCountry "BAN"]
[SourceTitle "playchess.com"]
[Source "ChessBase"]
[SourceQuality "1"]
[TimeControl "40/5400+30:1800+30"]

1. e4 c5 2. Nf3 d6 3. d4 cxd4 4. Nxd4 Nf6 5. Nc3 a6 6. Rg1 h5 7. Bg5 Nbd7 8. Qe2 g6 9. O-O-O e5 10. Nb3 Be7 11. g3 b5 12. f4 b4 13. Nb1 Qb6 14. Bg2 a5 15. N3d2 Ba6 16. Nc4 Qc7 17. Nbd2 O-O 18. Bf1 Nb6 19. b3 d5 20. exd5 Nfxd5 21. Bxe7 Qxe7 22. Qxe5 Qxe5 23. fxe5 Nxc4 24. Nxc4 Nc3 25. Rd6 Rfe8 26. Nb6 Rxe5 27. Bxa6 Rxa6 28. Rf1 Nxa2+ 29. Kb2 Nc3 30. Nc4 Rxd6 31. Nxe5 Rd5 32. Re1 Kg7 33. Nc4 f6 34. Ra1 g5 35. Nxa5 Nd1+ 36. Kc1 Ne3 37. Nc6 Rd1+ 38. Kb2 Rxa1 39. Kxa1 Nd5 40. Kb2 Kf7 41. Nd4 Ke7 42. Kc1 Kd6 43. Kd2 Ke5 44. Kd3 g4 45. Nc6+ Kd6 46. Nd4 Ke5 47. Ne2 f5 48. c4 bxc3 49. Nxc3 1/2-1/2

[Event "Bangladesh SAIF Powertec-ch 2024"]
[Site "Dhaka"]
[Date "2024.07.04"]
[Round "11.7"]
[White "Ahmed, Sheikh Nasir"]
[Black "Md Minhaz Uddin"]
[Result "1/2-1/2"]
[ECO "A15"]
[WhiteElo "2112"]
[BlackElo "2228"]
[Annotator "TA"]
[PlyCount "86"]
[EventDate "2024.06.23"]
[EventType "tourn"]
[EventCountry "BAN"]
[SourceTitle "playchess.com"]
[Source "ChessBase"]
[SourceQuality "1"]
[TimeControl "40/5400+30:1800+30"]

1. Nf3 Nf6 2. c4 b6 3. g3 Bb7 4. Bg2 g6 5. O-O Bg7 6. Nc3 O-O 7. Re1 d6 8. e4 {[%emt 0:00:55] White is slightly better.} e5 9. d4 Nc6 10. d5 Ne7 11. Rb1 a5 12. a3 Ba6 13. b4 Bxc4 14. b5 Nd7 15. Na4 f5 16. Ng5 fxe4 17. Ne6 Qe8 18. Rxe4 Bxd5 19. Nxc7 {[%emt 0:00:20] White is much more active.} Qf7 20. Nxd5 Nxd5 21. Re2 $36 {[%emt 0:01:23][%mdl 2048] White is on the roll.} N7f6 22. Rbb2 {[%emt 0:18:20][%mdl 1024] White has strong compensation.} e4 23. Rbd2 Rfe8 24. Bb2 Bf8 (24... Rab8 $142) 25. Rd4 {[%emt 0:08:00][%cal Rd4e4] [#] Rdxe4 would now be deadly.} Ra7 26. Bxe4 Nxe4 (26... Rxe4 $16 {was called for.} 27. Rexe4 (27. Rdxe4 Nxe4 28. Rxe4 Rb7 $18) 27... Nxe4 28. Rxe4 Qf5) 27. Rxd5 ({Better is} 27. Rexe4 $18 Rxe4 28. Rxe4) 27... Rae7 $14 {[%emt 0:01:37][%cal Oe4f2] Threatens to win with ...Nxf2!} 28. Kg2 (28. Nxb6 Nxf2 29. Rxe7 (29. Rxf2 $2 Re1+ 30. Kg2 Rxd1 $19) 29... Rxe7 $17) 28... Nc5 29. Rxe7 Rxe7 {[%emt 0:00:48] [#]} (29... Qxe7 $14 30. Nc3 (30. Nxb6 Rb8 $11) 30... Qb7) 30. Nxb6 $18 {[%emt 0:02:16][%cal Od1d4] And now Qd4! would win.} Rb7 31. Nc4 (31. Qd4 Bg7 32. Qxg7+ Qxg7 33. Bxg7 Rxb6 $18) 31... Rxb5 32. Qd4 $2 ({White must play} 32. Nxd6 $18 Bxd6 (32... Rxb2 33. Nxf7 Rb3 34. Nh6+ Bxh6 35. Rxc5 Bf8 36. Rc7) 33. Rxd6 (33. Qd4 $2 Rxb2 34. Rxd6 Qxf2+ 35. Qxf2 Rxf2+ 36. Kh3 Ra2 $19) 33... Qb7+ (33... Rxb2 $2 34. Rd8+ Kg7 35. Qd4+ Qf6 36. Rg8+ Kxg8 37. Qxf6 $18) 34. Qd5+ Qxd5+ 35. Rxd5 Rxb2 36. Rxc5) 32... Rxb2 $1 $11 {[%emt 0:00:14] The position is equal.} 33. Nxb2 Bg7 {[%emt 0:00:01] Prevents Nc4} 34. Qd1 Bxb2 35. Rxd6 Bg7 (35... Bxa3 $2 {loses.} 36. Rd8+ Kg7 37. Qa1+ Kh6 (37... Qf6 $2 38. Rg8+ Kxg8 39. Qxf6 $18) 38. Qxa3 Qb7+ 39. Qf3 Qxf3+ 40. Kxf3 $18) 36. Qd5 (36. Qc2 {seems wilder.} Qb7+ 37. Kg1 Qb5 38. h4) 36... Qxd5+ 37. Rxd5 Bf8 38. f4 Be7 39. Kf3 Kf7 40. Ke3 Ke6 41. Kd4 Nb7 42. Rb5 Nd8 43. Ke4 (43. Rxa5 $2 {too greedy.} Nc6+ 44. Ke3 Nxa5 $19) 43... Nc6 {[%emt 0:03:28] Against Re5+.   Weighted Error Value: White=0.18 (very precise) /Black=0.14 (very precise) .  Loses game:     	---       	Black=1      Missed win:     	White=1     	---        Mistake:       	White=1     	Black=2      Inaccurate:     	---       	Black=3      OK:         	White=12    	Black=13     Best:        	White=6     	Black=7      Strong:       	---       	Black=1} 1/2-1/2